 Dungeon Crawl Stone Soup version 0.20-a0-556-g892c87b (webtiles) character file.

241 krabocopter the Chopper (level 5, -1/51 HPs)
             Began as a Deep Dwarf Fighter on Feb 5, 2017.
             Slain by an ogre
             ... wielding a +0 giant club
              (18 damage)
             ... on level 4 of the Dungeon.
             The game lasted 00:09:15 (2597 turns).

krabocopter the Chopper (Deep Dwarf Fighter)        Turns: 2597, Time: 00:09:16

Health: -1/51      AC: 13    Str: 19    XL:     5   Next: 80%
Magic:  5/5        EV: 12    Int: 12    God:
Gold:   144        SH:  0    Dex: 18    Spells: 4/4 levels left

rFire    . . .     SeeInvis .   a - +0 war axe
rCold    + . .     Gourm    +   A - +1 chain mail {rPois}
rNeg     . . .     Faith    .   (no shield)
rPois    +         Spirit   .   j - +0 helmet
rElec    .         Reflect  .   (no cloak)
rCorr    .         Harm     .   C - +0 pair of gloves
MR       .....                  B - +0 pair of boots
Stlth    ..........             i - amulet of the gourmand
Regen    0.0/turn               p - +3 ring of intelligence
                                y - ring of protection from cold

@: agile, non-regenerating
A: damage resistance, recharge devices, sense surroundings 1, slow regeneration
3
a: Heal Wounds


You were on level 4 of the Dungeon.
You were completely stuffed.

You visited 1 branch of the dungeon, and saw 4 of its levels.

You collected 144 gold pieces.

Inventory:

Hand Weapons
 a - a +0 war axe (weapon)
Armour
 c - a +0 shield
 j - a +0 helmet (worn)
 t - a +0 pair of gloves
 v - a +2 leather armour of magic resistance
 A - a +1 chain mail of poison resistance (worn)
 B - a +0 pair of boots (worn)
 C - a +0 pair of gloves (worn)
Jewellery
 i - an amulet of the gourmand (around neck)
 p - a +3 ring of intelligence (right hand)
 y - a ring of protection from cold (left hand)
 z - an uncursed ring of resist corrosion
Scrolls
 b - 2 scrolls of noise {unknown}
 g - a scroll of fear {unknown}
 l - 4 scrolls of identify
 o - 2 scrolls of remove curse
 q - 3 scrolls of amnesia {unknown}
 r - 4 scrolls of enchant weapon {unknown}
 u - 2 scrolls of magic mapping {unknown}
 w - a scroll of teleportation {unknown}
 D - 2 scrolls of blinking {unknown}
Potions
 d - a potion of might
 e - a potion of resistance {unknown}
 k - a potion of agility
 m - a potion of haste {unknown}
 n - a potion of invisibility {unknown}
 s - a potion of ambrosia {unknown}
 x - a potion of heal wounds {unknown}
 E - a potion of curing {unknown}
Comestibles
 f - 3 bread rations
 h - a royal jelly
 F - a meat ration
 G - 7 chunks of flesh


   Skills:
 + Level 4.3 Fighting
 * Level 5.3 Axes
 - Level 3.2 Armour
 - Level 3.2 Shields


You had 4 spell levels left.
You didn't know any spells.

Dungeon Overview and Level Annotations

Branches:
Dungeon (4/15)
 Temple: D:4-7

Altars:


Innate Abilities, Weirdness & Mutations

You are resistant to damage.
You can recharge devices by infusing magical energy.
You passively map a small area around you.
You do not regenerate.


Message History

Found a spear.
As you read the scroll of identify, it crumbles to dust.
k - 2 potions of agility You see here a spear.
Eating one of 8 chunks of flesh.
You eat one of the 8 chunks of flesh.
This raw flesh tastes great.
An ogre comes into view. It is wielding a giant club.
The ogre shouts!
You feel agile all of a sudden.
You hit the ogre but do no damage. The ogre hits you with a giant club!
You hit the ogre.
The ogre is moderately wounded.
The ogre barely misses you.
You slash the ogre!
The ogre is heavily wounded.
The ogre barely misses you.
You hit the ogre.
The ogre is severely wounded.
The ogre hits you with a giant club!!
You die...

#.##.# #.##......####.# #.#
#.##.####.##...........# ##.#
#.##....#.##......#########...
#.#####.#.###....[............
#.# #.#.# ##.##.#########...
####.# #.#.# #.#### ##.#
...#.#####.#.# #.# #.#
##.#........(####O###### #.#
#.#######......@......# #.#
#..).............####.# #.#
##################
#.########.# #..........#
############


You could see an ogre.

Vanquished Creatures
  2 scorpions (D:4)
  An orc priest (D:4)
  A worker ant (D:4)
  An adder (D:2)
  An ooze (D:1)
  An adder skeleton (D:4)
  4 worms
  2 dart slugs (D:1)
  5 leopard geckos
  7 orcs
  3 bats
  2 giant cockroaches (D:3)
  6 goblins
  2 hobgoblins
  2 kobolds
  2 quokkas
  A ball python (D:2)
  7 frilled lizards
  A quokka skeleton (D:4)
  5 rats
56 creatures vanquished.

Notes
Turn   | Place    | Note
-------+----------+-------------------------------------------
     0 | D:1      | krabocopter the Deep Dwarf Fighter began the quest for the Orb.
     0 | D:1      | Reached XP level 1. HP: 20/20 MP: 1/1
   174 | D:1      | Reached XP level 2. HP: 26/28 MP: 2/2
   534 | D:1      | Reached skill level 3 in Axes
   640 | D:2      | Reached XP level 3. HP: 31/34 MP: 3/3
  1781 | D:3      | Reached XP level 4. HP: 20/43 MP: 4/4
  2211 | D:4      | Reached skill level 4 in Axes
  2307 | D:4      | Reached XP level 5. HP: 17/50 MP: 5/5
  2481 | D:4      | Reached skill level 5 in Axes
  2592 | D:4      | Noticed an ogre
  2597 | D:4      | Slain by an ogre

Vault maps used:
D:1:      onia_arrival_pyramid, hangedman_decor_lopped, minmay_heptomino_l4
D:2:      first_bread
D:3:      grunt_decor_clamped

Skill      XL: |  1  2  3  4  5 |
---------------+----------------+-----
Fighting       | 3 4 |  4.3
Axes           | 3 4 5 |  5.3
Armour         | |  3.2
Shields        | |  3.2

Action                   |  1- 3 |  4- 6 || total
-------------------------+-------+-------++-------
Melee: War axe           |   103 |    59 ||   162
 Abil: Heal Wounds       |       |     1 ||     1
  Use: Scroll            |       |     3 ||     3
       Potion            |       |     1 ||     1
  Eat: Chunk             |     9 |     9 ||    18
Armor: Scale mail        |    33 |       ||    33
       Leather armour    |    16 |     5 ||    21
       Chain mail        |       |    20 ||    20
Dodge: Dodged            |    46 |    21 ||    67
Block: Shield            |     2 |       ||     2
